Unix NetHack Version 5.0.0-0 post-release - last build May  4 2026 22:22:43 (774f63e81ad911689b3a0859ea89b322d5daca8d,branch:main).

Game began 2026-05-04 20:13:13, ended 2026-05-05 14:55:31.

BoozyBardOfBrew, lawful female human Valkyrie

            -----    ---    ---
           --...|   --.--  --.--
           |....|   |...|  |...---
           --..-------.-----...))-----
           --...........<.......)).(.---------------      ---
           -.....-----.------.)--....^..)f.........-------|..
          |.-...)----..|    |..|---...(-@---------.......--.---
          |-......--...--   ----  |.....a|       ------.......--
          |.......).....---     # ###..).-           --........--
          |........).)[...-         #......          |..........|
          |.................*....|  #.........       |.....`....|
       ...............)..........-####..........     ----......--
       -............*..............................     --.....|
       |...|......(......----..--##--#--#----......-     |.....----   ----
       --.---............|   ---             ---...>-    --.......|   |..|
        --  .............-                        ....    |.......-- --..---
           ..--......|.|..                         ...|   |.--.)...---.....|
          --- |....-------                          ..|   ------...........|
              ---..|                                 --        -------.|.---
                ----                                                 -----
BoozyBardOfBrew the Fighter  St:18/01 Dx:10 Co:18 In:13 Wi:9 Ch:8  Lawful
Dlvl:5  $:79 HP:0(59) Pw:18(18) AC:1  Xp:6 T:4120  Fainted  Deaf

Latest messages:
 What do you want to drop? [$a-eg-jl-tv-yA-XZ or ?*] ?
 You drop an orcish dagger.
 Your movements are now unencumbered.
 You don't have anything to eat.
 Where do you want to travel to?
 (For instructions type a '?')
 The giant ant misses!
 You miss the giant ant.
 The giant ant bites!
 The giant ant bites!
 You hit the giant ant!
 The giant ant misses!
 The giant ant bites!
 You faint from lack of food.
 The giant ant bites!
 You dream that you hear crashing rock.
 The giant ant bites!
 The giant ant bites!
 The giant ant bites!
 The giant ant bites!
 The giant ant bites!
 The giant ant misses!
 The giant ant misses!
 The giant ant bites!
 The giant ant bites!
 The giant ant bites!
 The giant ant bites!
 The giant ant bites!
 The giant ant bites!
 Felix picks up a crossbow.
 You dream that you hear crashing rock.
 The giant ant misses!
 The giant ant just misses!
 The giant ant bites!
 The giant ant bites!
 You regain consciousness.
 You miss the giant ant.
 The giant ant misses!
 You hit the giant ant!
 The giant ant bites!
 You faint from lack of food.
 The giant ant bites!
 The giant ant bites!
 The giant ant bites!
 You die...
 Do you want your possessions identified? [ynq] (y) y
 Do you want to see your attributes? [ynq] (y) y
 Do you want an account of creatures vanquished? [ynaq] (y) y
 Do you want to see your conduct and achievements? [ynq] (y) y
 Do you want to see the dungeon overview? [ynq] (y) y

Inventory:
 Coins    ('$')
  $ - 79 gold pieces
 Amulets  ('"')
  B - an uncursed amulet of guarding
 Weapons  (')')
  r - 28 +0 arrows
  H - 12 cursed -1 arrows
  T - a blessed +1 bow
  U - a +0 bow
  G - 16 +0 darts (at the ready)
  b - a +0 dagger
  x - a cursed -1 dagger
  A - a +0 elven dagger
  a - a rusty +1 spear (weapon in right hand)
 Armor    ('[')
  g - an uncursed +0 orcish helm (being worn)
  I - a cursed -1 pair of iron shoes
  d - a blessed +1 pair of low boots
  c - an uncursed burnt +3 small shield (being worn)
  L - an uncursed +0 dwarvish cloak
  X - an uncursed +0 mummy wrapping (being worn)
  y - an uncursed +0 elven mithril-coat (being worn)
 Scrolls  ('?')
  Q - an uncursed scroll of enchant weapon
  D - an uncursed scroll of fire
  t - an uncursed scroll of magic mapping
 Spellbooks  ('+')
  O - an uncursed spellbook of wizard lock
 Potions  ('!')
  s - an uncursed potion of confusion
  n - 2 uncursed potions of fruit juice
  j - an uncursed potion of gain energy
  m - an uncursed potion of invisibility
  l - an uncursed potion of levitation
  Z - a blessed potion of object detection
  p - an uncursed potion of paralysis
  o - 2 uncursed potions of sickness
  q - a blessed potion of sleeping
  h - an uncursed potion of water
 Rings    ('=')
  e - an uncursed ring of polymorph control
 Wands    ('/')
  N - a wand of stasis (0:6)
 Tools    ('(')
  E - an uncursed oilskin sack containing 1 item
  V - an uncursed brass lantern
  M - a +0 pick-axe (alternate weapon; not wielded)
 Gems/Stones  ('*')
  R - an uncursed aquamarine stone
  S - an uncursed turquoise stone
  w - 2 uncursed worthless pieces of blue glass
  P - an uncursed worthless piece of green glass
  K - 2 uncursed worthless pieces of orange glass
  W - a cursed worthless piece of orange glass
  F - 2 uncursed worthless pieces of yellow glass
  C - an uncursed worthless piece of yellowish brown glass
  i - an uncursed flint stone
  v - an uncursed rock

Contents of the oilskin sack:
  an uncursed worthless piece of white glass

BoozyBardOfBrew the Valkyrie's attributes:

Background:
 You were a Fighter, a level 6 human Valkyrie.
 You were lawful, nominally on a mission for Tyr
 who was opposed by Odin (neutral) and Loki (chaotic).
 You were right-handed.
 You were in the Gnomish Mines, on level 5.
 You entered the dungeon 4120 turns ago.
 You had 539 experience points, 101 more were needed to attain level 7.

Basics:
 You had 0 out of 59 hit points.
 You had all 18 energy points (spell power).
 Your armor class was 1.
 Your wallet contained 79 zorkmids.
 Autopickup was off.

Final Characteristics:
 Your strength was 18/01 (base:18/02, limit:18/100).
 Your dexterity was 10 (limit:18).
 Your constitution was 18 (limit:18).
 Your intelligence was 13 (limit:18).
 Your wisdom was 9 (limit:18).
 Your charisma was 8 (limit:18).

Final Status:
 You were deaf.
 You were fainted due to starvation.
 You were unencumbered.
 You were wielding a spear.
 You were skilled in spear.

Final Attributes:
 You were piously aligned.
 You were cold resistant.
 You were telepathic.
 You were stealthy.
 You were guarded.
 You are dead.

Miscellaneous:
 You didn't encounter any bones levels.
 Total elapsed playing time was 3 hours, 42 minutes and 41 seconds.

Major events:
 Turn
    1: BoozyBardOfBrew the lawful human Valkyrie entered the dungeon
  687: attained the rank of Skirmisher (level 3)
 3230: entered the Gnomish Mines
 3324: attained the rank of Fighter (level 6)
 4120: killed by a giant ant, while fainted from lack of food

You didn't know any spells.

Skills:
 Fighting Skills
   bare handed combat [Unskilled]
   two weapon combat  [Unskilled]
   riding             [Unskilled]
 Weapon Skills
   dagger             [Basic]
   axe                [Unskilled]
   pick-axe           [Unskilled]
   short sword        [Unskilled]
   broadsword         [Unskilled]
   long sword         [Unskilled]
   two-handed sword   [Unskilled]
   saber              [Unskilled]
   hammer             [Unskilled]
   quarterstaff       [Unskilled]
   polearms           [Unskilled]
   spear              [Skilled]
   trident            [Unskilled]
   lance              [Unskilled]
   sling              [Unskilled]
 Spellcasting Skills
   attack spells      [Unskilled]
   escape spells      [Unskilled]

Voluntary challenges:
 Character rerolling was not enabled.
 You were an atheist.
 You never genocided any monsters.
 You never polymorphed an object.
 You never changed form.
 You used no wishes.
Achievements:
 You entered a shop.
 You attained the rank of Skirmisher.
 You entered the Gnomish Mines.
 You attained the rank of Fighter.

 The Dungeons of Doom: levels 1 to 4
    Level 1:
       A fountain.
    Level 2: "boozeShop,fountain"
       A potion shop, some fountains.
    Level 3: "two staircases"
       A fountain.
       Stairs down to The Gnomish Mines.
    Level 4:
       An armor shop, a fountain, a grave.
 The Gnomish Mines: levels 4 to 5
    Level 4:
    Level 5: <- You were here.
       Final resting place for
          you, killed by a giant ant, while fainted from lack of food.


Vanquished creatures:
  a small mimic
  a gnome mummy
  a pony
  2 shriekers
  2 violet fungi
  7 gnome leaders
  a gray ooze
  3 giant ants
  4 floating eyes
  a kitten
  a dwarf
  a homunculus
  a kobold shaman
  3 rothes
  2 rabid rats
  7 iguanas
 an acid blob
  3 hobbits
  2 manes
  3 cave spiders
  2 brown molds
  a yellow mold
  a green mold
  a red mold
 16 gnomes
  a gnome zombie
  4 geckos
  9 jackals
  2 foxes
  2 goblins
  a sewer rat
  4 grid bugs
  6 lichens
  a kobold zombie
  7 newts
105 creatures vanquished.

No species were genocided or became extinct.

Game over:
                       ----------
                      /          \
                     /    REST    \
                    /      IN      \
                   /     PEACE      \
                  /                  \
                  | BoozyBardOfBrew  |
                  |      79 Au       |
                  |   killed by a    |
                  |    giant ant     |
                  |                  |
                  |                  |
                  |       2026       |
                 *|     *  *  *      | *
        _________)/\\_//(\/(/\)/\//\/|_)_______

Farvel BoozyBardOfBrew the Valkyrie...

You died in The Gnomish Mines on dungeon level 5 with 2428 points,
and 79 pieces of gold, after 4120 moves.
You were level 6 with a maximum of 59 hit points when you died.

